 Dungeon Crawl Stone Soup version 0.31.0-11-ge490571c62 (webtiles) character file.

Game seed: 15305352988962259477

67 EonDragon20 the Changeling (level 4, 0/32 HPs)
             Began as a Merfolk Shapeshifter on Feb 9, 2024.
             Killed by divine providence
             ... invoked by an orc priest
              (14 damage)
             ... on level 3 of the Dungeon.
             The game lasted 00:04:45 (2001 turns).

EonDragon20 the Changeling (Merfolk Shapeshifter)   Turns: 2001, Time: 00:04:45

Health: 0/32       AC:  3    Str: 14    XL:     4   Next: 16%
Magic:  4/4        EV: 27    Int:  9    God:
Gold:   96         SH:  0    Dex: 15    Spells: 3/3 levels left

rFire   . . .        h - +0 dagger (venom)
rCold   . . .        (no shield)
rNeg    . . .        a - +1 animal skin
rPois   .            (helmet currently unavailable)
rElec   .            (cloak currently unavailable)
rCorr   .            (gloves currently unavailable)
SInv    .            (boots currently unavailable)
Will    .....        j - amulet of the acrobat
Stlth   +            (no ring)
HPRegen 0.25/turn    (no ring)
MPRegen 0.09/turn

%: acrobat
@: beast-form, acrobatic
A: beast (slay +3), (nimble swimmer 2), mertail
a: Begin Untransformation


You were on level 3 of the Dungeon.
You were a hulking beast.
You visited 1 branch of the dungeon, and saw 3 of its levels.

You collected 96 gold pieces.

Inventory:

Hand Weapons
 h - a +0 dagger of venom (weapon)
Armour
 a - a +1 animal skin (worn)
Jewellery
 j - an amulet of the acrobat (around neck)
Talismans
 c - a beast talisman
 d - a flux talisman
 g - a granite talisman
Scrolls
 e - a scroll of teleportation
 f - a scroll of identify
Potions
 i - a potion of curing
 k - 2 potions of enlightenment
 m - a potion of lignification


   Skills:
 - Level 1.1 Fighting
 - Level 2.6 Dodging
 - Level 3.2 Unarmed Combat
 * Level 6.2 Shapeshifting


You had 3 spell levels left.
You didn't know any spells.
Your spell library contained the following spells:

 Spells                   Type           Power      Damage    Failure   Level
 Summon Forest            Summ/Tloc      0%         N/A       100%        5
 Eringya's Noxious Bog    Alch           0%         4d6       100%        6
 Summon Hydra             Summ           0%         N/A       100%        7


Dungeon Overview and Level Annotations

Branches:
Dungeon (3/15)

Altars:


Innate Abilities, Weirdness & Mutations

You are a hulking beast.
Your limbs bulge with bestial killing power. (Slay +3)
((You are very nimble when in or above water. (Stealth+, EV+, Speed+++)))
Your lower body shifts to a powerful aquatic tail in water.


Message History

You climb downwards.
There is a stone staircase leading up here.
You open the door.
Found 8 stones.
Found 19 gold pieces.
There is an open door here.
You now have 96 gold pieces (gained 19).
You open the door.
There is an open door here.
You open the door.
There is an open door here.
You open the door.
There is an open door here.
An orc priest comes into view.
It is wielding a +0 whip. 2 orcs come into view.
The orc shouts!
The orc priest shouts!
You hear a shout!
You hit the orc priest.
The orc priest is poisoned.
The orc priest is moderately wounded.
The orc hits you with a +0 short sword. The orc priest closely misses you.
You closely miss the orc priest.
The orc priest is moderately wounded.
The orc hits you but does no damage. The orc priest closely misses you.
Unknown command.
You hit the orc priest but do no damage.
The orc priest is moderately wounded.
The orc closely misses you.
The orc priest invokes the aid of Beogh against you.
Beogh smites you!
Ouch! That really hurt!
You hit the orc priest.
The orc priest looks as sick as possible!
The orc priest is moderately wounded.
The orc misses you.
The orc priest mumbles some strange prayers to Beogh against you.
You barely resist. The orc attacks as it pursues you!
The orc closely misses you.
The orc priest invokes the aid of Beogh against you.
Beogh smites you!
You die...

#............#o#
......#
#.......^....#.#
....oo.
#....(.......#.#
....o##
#............#.#
.....#
#............#.#
#............#.#
#............#o#
#######'######o#
#......ho.#
#.........#
#.........#
##'######'####
#.#.........#
#.#.........#
#.#.........#
#.#.........#
#........####


You could see an orc priest (extremely poisoned) and an orc.

Vanquished Creatures
  Robin (D:1)
  An adder (D:2)
  4 endoplasms
  2 giant cockroaches (D:2)
  15 goblins
  4 hobgoblins (D:2)
  2 kobolds
  A quokka (D:1)
  5 ball pythons
  2 bats (D:2)
  3 frilled lizards
  4 rats
44 creatures vanquished.

Notes
Turn   | Place    | Note
-------+----------+-------------------------------------------
     0 | D:1      | EonDragon20 the Merfolk Shapeshifter began the quest for
                  | the Orb.
     0 | D:1      | Reached XP level 1. HP: 15/15 MP: 1/1
   139 | D:1      | Reached XP level 2. HP: 18/21 MP: 2/2
   508 | D:1      | Reached skill level 5 in Shapeshifting
   972 | D:2      | Noticed Robin
  1002 | D:1      | Killed Robin
  1003 | D:1      | Reached XP level 3. HP: 23/26 MP: 3/3
  1476 | D:2      | Reached skill level 6 in Shapeshifting
  1519 | D:2      | Reached XP level 4. HP: 32/32 MP: 4/4
  2001 | D:3      | Killed from afar by an orc priest

Illustrated notes

Levels and vault maps discovered:
D:1:      kennysheep_arrival_forest, layout_basic
D:2:      layout_loops_ring, uniq_robin
D:3:      layout_basic, serial_shops, nicolae_shop_real_fake_doors,
          nicolae_underground_beach, uniq_grinder

Skill      XL: |  1  2  3 |
---------------+----------+-----
Shapeshifting  | 5 6 |  6.2
Fighting       | |  1.1
Dodging        | |  2.6
Unarmed Combat | |  3.2

Action                     |  1- 3 |  4- 6 || total
---------------------------+-------+-------++-------
  Melee: Dagger            |   150 |    12 ||   162
         Unarmed           |     3 |       ||     3
         Punch             |     2 |       ||     2
    Use: Scroll            |     3 |     3 ||     6
         Potion            |     1 |       ||     1
   Stab: Sleeping          |     2 |       ||     2
 Armour: Animal skin       |    48 |     7 ||    55
         Skin              |    90 |       ||    90
  Dodge: Dodged            |    71 |     7 ||    78
